 Dungeon Crawl Stone Soup version 0.31-a0-1300-gb6740aa4e6 (webtiles) character file.

Game seed: 10638998480184298863

25692 Pooter the Cleaver (level 12, -1/107 HPs)
             Began as a Minotaur Monk on Dec 18, 2023.
             Was a Priest of Okawaru.
             Killed by divine providence
             ... invoked by an orc priest
              (10 damage)
             ... on level 2 of the Orcish Mines on Dec 19, 2023.
             The game lasted 01:08:03 (12833 turns).

Pooter the Cleaver (Minotaur Monk)                 Turns: 12833, Time: 01:08:04

Health: -1/107     AC: 18    Str: 18    XL:     12   Next: 91%
Magic:  16/16      EV: 12    Int:  6    God:    Okawaru [***...]
Gold:   621        SH:  0    Dex: 19    Spells: 11/11 levels left

rFire   . . .        a - +0 battleaxe
rCold   . . .        (shield currently unavailable)
rNeg    . . .        M - +6 chain mail of Vanity {rPois}
rPois   +            (helmet restricted)
rElec   .            h - +0 cloak
rCorr   .            n - +0 pair of gloves
SInv    .            (no boots)
Will    +....        (no amulet)
Stlth   +            P - ring of poison resistance
HPRegen 0.37/turn    B - ring of willpower
MPRegen 0.15/turn

%: no passive effects
@: heroic, hasted, very quick
A: horns 2, retaliatory headbutt, agile 1
a: Renounce Religion, Heroism


You were on level 2 of the Orcish Mines.
You worshipped Okawaru.
Okawaru was most pleased with you.
You visited 3 branches of the dungeon, and saw 13 of its levels.
You also visited: Ossuary and Bailey.

You collected 1068 gold pieces.
You spent 447 gold pieces at shops.

Inventory:

Hand Weapons
 a - a +0 battleaxe (weapon)
   (You found it on level 8 of the Dungeon)
 b - a +0 orcbow
   (You took it off a centaur on level 7 of the Dungeon)
 q - a +3 spear of flaming
   (You took it off Robin on level 2 of the Dungeon)
 A - a +1 whip of holy wrath
   (You took it off an orc on level 4 of the Dungeon)
 L - a +0 war axe
   (You found it on level 5 of the Dungeon)
 R - a +0 halberd of venom
   (You took it off a gnoll on level 6 of the Dungeon)
 W - the +0 whip of the Boiling Point {heavy, rN+}
   (You found it on level 2 of the Dungeon)

   rN+:       It protects you from negative energy.
Missiles
 i - 4 atropa-tipped darts
 O - 40 poisoned darts
 Q - 104 stones
 T - 20 boomerangs (quivered)
 X - 7 curare-tipped darts
 Y - 4 datura-tipped darts
Armour
 d - an orb of light
 h - a +0 cloak (worn)
   (You found it on level 1 of the Dungeon)
 k - a +4 plate armour
   (You found it on level 2 of the Dungeon)
 n - a +0 pair of gloves (worn)
   (You found it on level 2 of the Dungeon)
 K - a +0 robe
 M - the +6 chain mail of Vanity (worn) {rPois}
   (You found it on level 5 of the Dungeon)

   rPois:     It protects you from poison
 Z - the +2 plate armour of Uddynoiq {rCorr}
   (You found it in a bailey)

   rCorr:     It protects you from acid and corrosion.
Jewellery
 B - a ring of willpower (right hand)
   (You found it on level 4 of the Dungeon)
 F - a ring of protection from fire
   (You found it on level 2 of the Dungeon)
 P - a ring of poison resistance (left hand)
   (You found it on level 1 of the Dungeon)
Wands
 f - a wand of flame (38)
   (You found it on level 5 of the Dungeon)
 s - a wand of roots (24)
   (You found it on level 2 of the Dungeon)
 z - a wand of polymorph (3)
   (You took it off an orc on level 4 of the Dungeon)
 G - a wand of light (2)
   (You bought it in a shop on level 4 of the Dungeon)
Scrolls
 e - 2 scrolls of fog
 g - a scroll of silence
 j - a scroll of noise {!r}
 l - a scroll of blinking
 m - 2 scrolls of vulnerability {!r}
 p - a scroll of amnesia
 t - 6 scrolls of teleportation {@r4}
 w - 4 scrolls of revelation
 y - a scroll of enchant weapon
 H - 2 scrolls of fear
 I - 2 scrolls of poison
 N - 2 scrolls of immolation {!r}
 V - 2 scrolls of enchant armour
Potions
 c - 2 potions of ambrosia
 o - 2 potions of brilliance
 r - 3 potions of haste {@q3}
 u - a potion of lignification {unknown}
 v - 6 potions of curing {@q1}
 x - 2 potions of enlightenment
 C - 3 potions of might
 D - a potion of invisibility
 E - 2 potions of resistance
 J - a potion of heal wounds {@q2}
 S - a potion of berserk rage {unknown}
 U - a potion of mutation {!q}


   Skills:
 + Level 10.5(15.5) Fighting
 * Level 13.4(20.3) Axes
 - Level 10.8(18.6) Maces & Flails
 - Level 6.0(15.5) Polearms
 * Level 10.2(15.2) Ranged Weapons
 - Level 3.2(8.2) Dodging
 + Level 7.9 Invocations
 - Level 2.6 Evocations


You had 11 spell levels left.
You didn't know any spells.
Your spell library contained the following spells:

 Spells                   Type           Power      Damage    Failure   Level
 Sandblast                Erth           0%         2d4       99%         1
 Lesser Beckoning         Tloc           0%         N/A       99%         2
 Passwall                 Tmut/Erth      0%         N/A       99%         2
 Static Discharge         Conj/Air       0%         3-3/arc   99%         2
 Sublimation of Blood     Necr           0%         N/A       99%         2
 Wereblood                Tmut           0%         N/A       99%         2
 Gell's Gravitas          Tloc           0%         N/A       100%        3
 Stone Arrow              Conj/Erth      0%         3d7       100%        3
 Teleport Other           Tloc           0%         N/A       100%        3
 Airstrike                Air            0%         2d(0-16)  100%        4
 Brom's Barrelling Bould  Conj/Erth      0%         2d3       100%        4
 Petrify                  Tmut/Erth      0%         N/A       100%        4
 Fireball                 Conj/Fire      0%         3d3       100%        5
 Irradiate                Conj/Tmut      0%         3d11      100%        5
 Iskenderun's Battlesphe  Conj           0%         2d6       100%        5
 Conjure Ball Lightning   Conj/Air       0%         3x3d6     100%        6
 Orb of Destruction       Conj           0%         9d5       100%        7
 Summon Lightning Spire   Summ/Air       Unusable   N/A       N/A         4
 Summon Hydra             Summ           Unusable   N/A       N/A         7

Dungeon Overview and Level Annotations

Branches:
Dungeon (10/15) Zot: 25308  Temple (1/1) D:4 Zot: 5984    Lair (0/5) D:10
    Orc (2/2) D:10 Zot: 11470     Elf (0/3) Orc:2       Ossuary (visited)
 Bailey (visited)

Altars:
Ashenzari
Cheibriados
Dithmenos
Elyvilon
Fedhas
Gozag
Hepliaklqana
Kikubaaqudgha
Makhleb
Nemelex Xobeh
Okawaru
Qazlal
Ru
Sif Muna
Trog
Uskayaw
Vehumet
Wu Jian
Xom
Yredelemnul
Zin
The Shining One

Shops:
D:3 !   D:4 [*   D:7 ?   D:9 ![[=

Annotations:
D:2 1 runed translucent door, Crazy Yiuf


Innate Abilities, Weirdness & Mutations

You have a pair of horns on your head.
You reflexively headbutt those who attack you in melee.
You are agile. (Dex +4, Str/Int -1)


Message History

You headbutt the orc warrior. You barely miss the orc priest.
You hear a shout!
An orc priest comes into view. It is wielding a +0 short sword.
The orc priest hits you but does no damage.
An orc priest comes into view. It is wielding a +0 trident.
You slice the orc warrior!!
You kill the orc warrior!
Okawaru accepts your kill.
You hit the orc but do no damage. You slash the orc priest!
Unknown command.
The orc priest closely misses you. The orc hits you but does no damage.
Things that are here:
a +3 battleaxe; a +0 arbalest; a +0 chain mail You can't carry that many items.
You feel yourself speed up.
The orc priest hits you but does no damage.
The orc barely misses you.
The orc priest looks braver for a moment.
The orc closely misses you.
You slice the orc priest!!
You kill the orc priest!
Okawaru accepts your kill.
You slash the orc priest! You closely miss the orc. You slice the orc!!
You kill the orc!
You hit the orc priest.
The orc priest invokes the aid of Beogh against you.
Beogh smites you!
* * * LOW HITPOINT WARNING * * *
The orc priest looks encouraged for a moment.
The orc priest misses you. You furiously retaliate!
You headbutt the orc priest.
You kill the orc priest!
Okawaru accepts your kill.
The orc priest looks encouraged for a moment.
Unknown command.
Unknown command.
The orc priest hits you but does no damage.
An orc comes into view. It is wielding a +0 hand axe.
You see here a +0 hand axe.
Items here: ( )) ††.
The orc priest invokes the aid of Beogh against you.
Beogh smites you!
* * * LOW HITPOINT WARNING * * *
Unknown command.
The orc priest invokes the aid of Beogh against you.
Pain shoots through your body!
* * * LOW HITPOINT WARNING * * *
The orc priest calls down the wrath of Beogh upon you.
Beogh smites you!
You die...

...#..........
####.............
##.#.....>........
#..........#.#....
#.#....$......#..
##.)............#.
#.....)..o)......#
#.....@.)o)).#
#))....)##oo..#
#<))....#.........
##))#...o.o.o....#
#).##....o....###
#...#######..o##
##..# .... ...#
o..#. ##..#


You could see 4 orc priests and an orc.

Vanquished Creatures
  Harold (Orc:1)
  Erolcha (Orc:1)
  A two-headed ogre (D:10)
  An orc sorcerer (Orc:1)
  A troll (D:10)
  A hornet (D:8)
  Sigmund (D:2)
  A wyvern (D:9)
  6 yaks
  3 steam dragons
  Menkaure (D:6)
  An acid dragon (D:10)
  Edmund (D:4)
  A water moccasin (D:6)
  Duvessa (D:4)
  2 sky beasts (D:6)
  A black bear (D:5)
  11 orc warriors
  An ice beast (D:8)
  A hornet zombie (D:7)
  2 ogres
  The ghost of HilariousDeathArtist the Shooter, an amateur NaHs (D:3)
  2 wolves (D:10)
  A phantom (D:6)
  4 centaurs
  9 kobold brigands
  2 bullfrogs
  A gnoll sergeant (D:8)
  3 scorpions
  2 water moccasin zombies (Ossuary)
  Dowan (D:4)
  10 wights
  3 killer bees (D:7)
  2 howler monkeys
  A crimson imp (D:4)
  7 bullfrog zombies (Ossuary)
  4 centaur zombies (Ossuary)
  6 hounds
  3 jellies
  14 orc priests
  3 sleepcaps
  4 iguanas
  12 orc wizards
  4 killer bee zombies
  19 mummies (Ossuary)
  2 howler monkey zombies (D:7)
  Robin (D:2)
  8 adders
  7 gnolls
  2 shadow imps
  8 ufetubi
  2 worms
  49 orcs
  2 bats (D:1)
  12 endoplasms
  7 giant cockroaches
  18 goblins
  4 hobgoblins (D:2)
  24 kobolds
  2 quokkas
  8 ball pythons
  2 frilled lizards
  3 goblin skeletons (D:4)
  A goblin zombie (D:4)
  A hobgoblin zombie (D:4)
  3 kobold skeletons (D:4)
  A kobold zombie (D:4)
  An orc zombie (D:4)
  4 rats
330 creatures vanquished.

Notes
Turn   | Place    | Note
-------+----------+-------------------------------------------
     0 | D:1      | Pooter the Minotaur Monk began the quest for the Orb.
     0 | D:1      | Reached XP level 1. HP: 19/19 MP: 0/0
   324 | D:1      | Reached skill level 4 in Axes
   339 | D:1      | Reached XP level 2. HP: 27/27 MP: 1/1
   709 | D:2      | Reached XP level 3. HP: 33/33 MP: 2/2
   714 | D:2      | Noticed Robin
   919 | D:2      | Noticed Sigmund
   924 | D:2      | Gained mutation: Armour fits poorly on your strangely
                  | shaped body. [potion of mutation]
   924 | D:2      | Gained mutation: You are agile. (Dex +4, Str/Int -1)
                  | [potion of mutation]
   924 | D:2      | Gained mutation: Your spells are a little harder to cast,
                  | but a little more powerful. [potion of mutation]
   930 | D:2      | Reached skill level 5 in Axes
   979 | D:2      | Identified the +0 whip of the Boiling Point {heavy, rN+}
  1057 | D:2      | Killed Sigmund
  1058 | D:2      | Reached skill level 5 in Fighting
  1058 | D:2      | Reached XP level 4. HP: 19/42 MP: 3/3
  1058 | D:2      | Reached XP level 5. HP: 21/48 MP: 4/4
  1143 | D:2      | Killed Robin
  1338 | D:2      | Found a runed translucent door.
  1339 | D:2      | Noticed Crazy Yiuf
  1656 | D:3      | Found a blossoming altar of Fedhas.
  1696 | D:3      | Reached skill level 1 in Polearms
  1696 | D:3      | Reached XP level 6. HP: 56/56 MP: 5/5
  1713 | D:3      | Found a faded altar of an unknown god.
  1764 | D:3      | Identified the +0 ring mail "Lijoipp" {rN+}
  1816 | D:3      | Found Zeakomo's Distillery.
  1829 | D:3      | Bought a potion of curing for 42 gold pieces
  1829 | D:3      | Bought a potion of enlightenment for 70 gold pieces
  1855 | D:3      | Found a runed translucent door.
  1886 | D:3      | Noticed HilariousDeathArtist's ghost (amateur NaHs)
  2160 | D:3      | Found a snail-covered altar of Cheibriados.
  2222 | D:3      | Killed HilariousDeathArtist's ghost
  2223 | D:3      | Reached skill level 5 in Maces & Flails
  2345 | D:4      | Found a glowing golden altar of the Shining One.
  2397 | D:4      | Found a staircase to the Ecumenical Temple.
  2406 | Temple   | Entered the Ecumenical Temple
  2438 | D:4      | Reached XP level 7. HP: 61/62 MP: 6/6
  2449 | D:4      | Noticed Duvessa
  2450 | D:4      | Noticed Dowan
  2464 | D:4      | Killed Duvessa
  2475 | D:4      | Killed Dowan
  2633 | D:4      | Found Ixkeollu's Armour Shop.
  2999 | D:4      | Found a stormy altar of Qazlal.
  3381 | D:4      | Noticed Edmund
  3402 | D:4      | Killed Edmund
  3458 | D:4      | Reached skill level 5 in Polearms
  3522 | D:4      | Found Idyxoazi's Antique Armour Shoppe.
  3609 | D:4      | Found Teowet's General Store.
  3612 | D:4      | Bought a potion of might for 40 gold pieces
  3612 | D:4      | Bought a scroll of fog for 40 gold pieces
  3617 | D:4      | Found a radiant altar of Vehumet.
  3733 | D:5      | Entered Level 5 of the Dungeon
  3746 | D:5      | Reached XP level 8. HP: 65/71 MP: 7/7
  3790 | D:5      | Found an iron altar of Okawaru.
  3895 | D:5      | Became a worshipper of Warmaster Okawaru
  3895 | D:5      | Reached * piety under Okawaru
  3895 | D:5      | Reached ** piety under Okawaru
  3965 | D:5      | Found a sand-covered staircase.
  3974 | Ossuary  | Entered an ossuary
  4420 | Ossuary  | Reached *** piety under Okawaru
  4473 | Ossuary  | Reached XP level 9. HP: 81/81 MP: 8/8
  4845 | D:5      | Reached skill level 10 in Maces & Flails
  4890 | D:5      | Identified the +6 chain mail of Vanity {rPois}
  5315 | D:6      | Reached skill level 1 in Invocations
  5483 | D:6      | Found a hide-covered altar of Uskayaw.
  5483 | D:6      | Noticed a +0 hand axe
  5483 | D:6      | Noticed a +0 hand axe
  5594 | D:6      | Found an opulent altar of Gozag.
  5636 | D:6      | Noticed Menkaure
  5647 | D:6      | Killed Menkaure
  5648 | D:6      | Reached skill level 6 in Axes
  5812 | D:6      | Reached **** piety under Okawaru
  6287 | D:7      | Reached skill level 7 in Axes
  6544 | D:7      | Found Noed's Magic Scroll Boutique.
  6548 | D:7      | Bought a scroll of identify for 30 gold pieces
  7149 | D:8      | Found a hazy altar of Hepliaklqana.
  7228 | D:8      | Reached XP level 10. HP: 40/91 MP: 8/11
  7232 | D:8      | Reached skill level 1 in Ranged Weapons
  7674 | D:8      | Reached skill level 8 in Axes
  8602 | D:8      | Found a burning altar of Makhleb.
  9217 | D:9      | Found Ixixzoun's Antique Armour Boutique.
  9356 | D:4      | Bought a wand of light (3) for 126 gold pieces
  9467 | D:9      | Found Tain's Armour Shoppe.
  9583 | D:9      | Reached skill level 11 in Axes
  9583 | D:9      | Reached skill level 5 in Invocations
  9583 | D:9      | Reached XP level 11. HP: 99/99 MP: 12/14
  9584 | D:9      | Reached skill level 12 in Axes
  9584 | D:9      | Reached XP level 12. HP: 106/106 MP: 12/16
  9753 | D:9      | Found a shimmering altar of Xom.
  9768 | D:9      | Reached skill level 10 in Fighting
  9824 | D:9      | Found Cigg's Distillery.
  9843 | D:9      | Bought a potion of degeneration for 11 gold pieces
  9843 | D:9      | Bought a potion of invisibility for 88 gold pieces
  9971 | D:9      | Found Kuomm's Jewellery Shoppe.
  9981 | D:9      | Found an ornate altar of the Wu Jian Council.
 10239 | D:9      | Found a basalt altar of Yredelemnul.
 10318 | D:10     | Entered Level 10 of the Dungeon
 10549 | D:10     | Found a broken altar of Ashenzari.
 10639 | D:10     | Noticed a two-headed ogre
 10646 | D:10     | Killed a two-headed ogre
 10741 | D:10     | Found a flagged portal.
 10753 | Bailey   | Entered a bailey
 10972 | Bailey   | Reached skill level 13 in Axes
 10972 | Bailey   | Found a burning altar of Makhleb.
 10988 | Bailey   | Identified the +2 plate armour of Uddynoiq {rCorr}
 11212 | D:10     | Found a staircase to the Lair.
 11260 | D:10     | Lost mutation: Armour fits poorly on your strangely shaped
                  | body. [potion of mutation]
 11260 | D:10     | Lost mutation: You are agile. (Dex +4, Str/Int -1) [potion
                  | of mutation]
 11260 | D:10     | Gained mutation: You expend magic power (3 MP) to
                  | strengthen your wands. [potion of mutation]
 11260 | D:10     | Gained mutation: You are agile. (Dex +4, Str/Int -1)
                  | [potion of mutation]
 11261 | D:10     | Lost mutation: You are agile. (Dex +4, Str/Int -1) [potion
                  | of mutation]
 11261 | D:10     | Lost mutation: Your spells are a little harder to cast, but
                  | a little more powerful. [potion of mutation]
 11261 | D:10     | Lost mutation: You expend magic power (3 MP) to strengthen
                  | your wands. [potion of mutation]
 11261 | D:10     | Gained mutation: Your muscles are strong. (Str +4, Int/Dex
                  | -1) [potion of mutation]
 11261 | D:10     | Gained mutation: You are clumsy. (Dex -2) [potion of
                  | mutation]
 11261 | D:10     | Gained mutation: You have sharp toenails. [potion of
                  | mutation]
 11261 | D:10     | Gained mutation: You are robust. (+10% HP) [potion of
                  | mutation]
 11262 | D:10     | Lost mutation: You are clumsy. (Dex -2) [potion of
                  | mutation]
 11262 | D:10     | Lost mutation: You are robust. (+10% HP) [potion of
                  | mutation]
 11262 | D:10     | Lost mutation: You have sharp toenails. [potion of
                  | mutation]
 11262 | D:10     | Gained mutation: You are frail. (-10% HP) [potion of
                  | mutation]
 11262 | D:10     | Gained mutation: Armour fits poorly on your strangely
                  | shaped body. [potion of mutation]
 11263 | D:10     | Lost mutation: Your muscles are strong. (Str +4, Int/Dex
                  | -1) [potion of mutation]
 11263 | D:10     | Lost mutation: Armour fits poorly on your strangely shaped
                  | body. [potion of mutation]
 11263 | D:10     | Lost mutation: You are frail. (-10% HP) [potion of
                  | mutation]
 11263 | D:10     | Gained mutation: You are agile. (Dex +4, Str/Int -1)
                  | [potion of mutation]
 11361 | D:10     | Found a glowing silver altar of Zin.
 12127 | D:10     | Found a staircase to the Orcish Mines.
 12295 | Orc:1    | Entered Level 1 of the Orcish Mines
 12355 | Orc:1    | Noticed Erolcha
 12360 | Orc:1    | Noticed Harold
 12370 | Orc:1    | Killed Erolcha
 12371 | Orc:1    | Reached skill level 10 in Ranged Weapons
 12372 | Orc:1    | Killed Harold
 12660 | Orc:2    | Entered Level 2 of the Orcish Mines
 12802 | Orc:2    | Found a staircase to the Elven Halls.
 12833 | Orc:2    | Killed from afar by an orc priest

Illustrated notes

Levels and vault maps discovered:
D:1:      pf_arrival_petrified_forest, layout_loops_ring
D:2:      layout_rooms, minmay_tripent, uniq_sigmund, uniq_robin,
          uniq_crazy_yiuf_cottage
D:3:      wad_pebble_path, layout_basic, chei_slow_surprise, fedhas_altar_3,
          gammafunk_ghost_grave, serial_shops, nicolae_shop_trees,
          nicolae_ecumenical_snake_handling
D:4:      layout_layer_cave, nicolae_qazlal_scattered_showers,
          nicolae_tso_besieged_by_evil, kennysheep_little_box,
          minmay_temple_entry_stoned_glass, serial_shops,
          nicolae_shop_behind_doors, nicolae_shop_dealshenge,
          nicolae_shop_trees, uniq_edmund, uniq_duvessa
D:5:      layout_loops_ring, mainiacjoe_overflow_paths, enter_ossuary_1
D:6:      layout_basic, mainiacjoe_overflow_alcove_1, dancing_weapons_uskayaw,
          uniq_menkaure
D:7:      layout_loops_corners, serial_undead, serial_undead_d, serial_undead_e,
          serial_undead_c, serial_undead_d, serial_shops, shop
D:8:      layout_cave_pools, mainiacjoe_overflow_alcove_4,
          mainiacjoe_overflow_tiny_flanked, water_maze_lemuel
D:9:      layout_loops_ring, nicolae_wu_jian_glorious_leap, kennysheep_mini,
          mainiacjoe_overflow_brackets, serial_shops,
          nicolae_shop_gibbet_a_chance, nicolae_shop_gaudy_bauble,
          nicolae_diamond_shop, nicolae_shop_rolling_square
D:10:     layout_grid_maze, kennysheep_mini_moat, ashenzari_altar_1,
          erik_lair_orcish_takeover, orc_0_dummy, enter_bailey_3
Temple:   hellmonk_temple_two_chambers
Orc:1:    layout_caves, uniq_harold, uniq_erolcha
Orc:2:    st_orc_pillars, layout_caves

Skill      XL: |  1  2  3  4  5  6  7  8  9 10 11 12 |
---------------+-------------------------------------+-----
Axes           | 4 5 7 11 12 13 | 13.4
Fighting       | 4 5 6 8 9 10 | 10.5
Maces & Flails | 3 4 5 6 9 10 | 10.8
Polearms       | 1 3 5 6 |  6.0
Invocations    | 3 5 7 |  7.9
Ranged Weapons | 7 9 10 | 10.2
Evocations     | 2 |  2.6
Dodging        | |  3.2

Action                     |  1- 3 |  4- 6 |  7- 9 | 10-12 || total
---------------------------+-------+-------+-------+-------++-------
  Melee: Hand axe          |    57 |       |       |       ||    57
         Headbutt          |     9 |    17 |   113 |    43 ||   182
         Whip              |     4 |     4 |   309 |    17 ||   334
         Spear             |       |   114 |   112 |       ||   226
         Battleaxe         |       |       |     5 |   217 ||   222
         Punch             |       |       |       |     1 ||     1
   Fire: Orcbow            |       |       |       |    58 ||    58
  Throw: Stone             |    10 |       |    11 |       ||    21
         Boomerang         |       |       |     1 |    20 ||    21
         Dart              |       |       |       |     2 ||     2
 Invoke: Heroism           |       |       |     4 |    16 ||    20
  Evoke: Wand              |       |       |     4 |     2 ||     6
    Use: Potion            |     2 |       |       |     8 ||    10
         Scroll            |       |     5 |     9 |     9 ||    23
   Stab: Invisible         |       |       |       |     1 ||     1
 Armour: Robe              |     4 |       |       |       ||     4
         Scale mail        |    42 |     3 |       |       ||    45
         Plate armour      |       |    44 |   168 |       ||   212
         Chain mail        |       |       |   128 |   206 ||   334
  Dodge: Dodged            |    35 |    15 |   119 |   129 ||   298

Table legend: (Time is in decaauts)
 A = Elapsed time spent in this place.
 B = Non-inter-level travel time spent in this place.
 C = Inter-level travel time spent in this place.
 D = Time resting spent in this place.
 E = Time spent auto-exploring this place.
 F = Levels seen in this place.
 G = Mean time per level.
                   A        B        C        D        E       F      G
               +--------+--------+--------+--------+--------+-----+--------+
         Total |  12742 |  12247 |    495 |   2936 |   6851 |  15 |  849.5 |
       Dungeon |  11350 |  10869 |    481 |   2598 |   6417 |  10 | 1135.0 |
        Temple |     15 |     15 |      0 |      0 |      0 |   1 |   15.0 |
  Orcish Mines |    529 |    516 |     13 |    239 |    116 |   2 |  264.5 |
       Ossuary |    567 |    567 |      0 |     22 |    303 |   1 |  567.0 |
        Bailey |    279 |    279 |      0 |     77 |     14 |   1 |  279.0 |
               +--------+--------+--------+--------+--------+-----+--------+

Top non-repeatable levels by time:
    D:10: 1691 daAuts
     D:7: 1615 daAuts
     D:4: 1446 daAuts
     D:8: 1429 daAuts
     D:9: 1175 daAuts
     D:5: 954 daAuts
     D:2: 920 daAuts
     D:1: 726 daAuts
     D:6: 719 daAuts
     D:3: 671 daAuts
 Ossuary: 567 daAuts
   Orc:1: 480 daAuts
  Bailey: 279 daAuts
   Orc:2: 49 daAuts
  Temple: 15 daAuts
